 Dungeon Crawl Stone Soup version 0.31-a0-559-g03b8d61ab2 (webtiles) character file.

Game seed: 4744136813405937730

1943 Ethylacetat the Sneak (level 9, -3/61 HPs)
             Began as an Octopode Gladiator on Aug 17, 2023.
             Was an Initiate of Gozag.
             Succumbed to a scorpion's poison
             ... on level 7 of the Dungeon.
             The game lasted 00:07:44 (6208 turns).

Ethylacetat the Sneak (Octopode Gladiator)          Turns: 6208, Time: 00:07:44

Health: -3/61      AC:  1    Str: 13    XL:     9   Next: 18%
Magic:  18/18      EV: 16    Int: 11    God:    Gozag
Gold:   233        SH:  0    Dex: 17    Spells: 8/8 levels left

rFire   . . .        d - +4 short sword (venom)
rCold   . . .        (no shield)
rNeg    . . .        a - +0 hat
rPois   .            r - amulet of the acrobat
rElec   .            f - ring of magical power
rCorr   .            (no ring)
SInv    .            (no ring)
Will    .....        (no ring)
Stlth   ++++         (no ring)
HPRegen 0.30/turn    (no ring)
MPRegen 0.16/turn    (no ring)
                     (no ring)

%: acrobat
@: mighty, lethally poisoned (-3 -> -22), gold aura, attractive, hasted, very
quick
A: almost no armour, amphibious, 8 rings, camouflage 1, gelatinous body 1,
(nimble swimmer 1), tentacles
a: Renounce Religion, Potion Petition, Call Merchant, Bribe Branch


You were on level 7 of the Dungeon.
You worshipped Gozag.
Gozag was aware of your devotion.
You visited 2 branches of the dungeon, and saw 8 of its levels.

You collected 326 gold pieces.
You paid 93 gold pieces to Gozag.

Inventory:

Hand Weapons
 d - a +4 short sword of venom (weapon)
Missiles
 b - 3 throwing nets (quivered)
 c - a javelin
Armour
 a - a +0 hat (worn)
Jewellery
 f - a ring of magical power (left tentacle)
 r - an amulet of the acrobat (around mantle)
 y - the ring of Ichururphak {Ice Stlth+}
   (You found it on level 6 of the Dungeon)

   [ring of ice]

   Ice:       It enhances your ice magic.
   rF-:       It makes you vulnerable to fire.
   rC+:       It protects you from cold.
   Stlth+:    It makes you more stealthy.
 A - a ring of flight
Wands
 q - a wand of charming (6)
Scrolls
 e - 13 scrolls of identify {unknown}
 h - a scroll of vulnerability {unknown}
 k - a scroll of fear {unknown}
 n - a scroll of noise {unknown}
 p - 2 scrolls of revelation {unknown}
 s - a scroll of enchant weapon {unknown}
 t - a scroll of brand weapon {unknown}
 u - a scroll of silence {unknown}
 v - a scroll of teleportation {unknown}
 w - a scroll of amnesia {unknown}
Potions
 g - 2 potions of attraction
 i - a potion of heal wounds {unknown}
 j - 2 potions of might
 l - a potion of degeneration {unknown}
 m - 4 potions of haste
 o - 2 potions of berserk rage {unknown}
 x - 2 potions of curing {unknown}
 z - a potion of lignification {unknown}


   Skills:
 + Level 5.2 Fighting
 + Level 4.4 Short Blades
 - Level 2.0 Throwing
 + Level 5.6 Dodging
 + Level 6.3 Stealth
 - Level 3.1 Unarmed Combat
 * Level 5.4 Shapeshifting


You had 8 spell levels left.
You didn't know any spells.
Your spell library contained the following spells:

 Spells                   Type           Power      Damage    Failure   Level
 Sandblast                Erth           0%         2d4       34%         1
 Passwall                 Tmut/Erth      0%         N/A       47%         2
 Stone Arrow              Conj/Erth      0%         3d7       71%         3
 Cause Fear               Hex            0%         N/A       98%         4
 Fireball                 Conj/Fire      0%         3d3       100%        5
 Iskenderun's Battlesphe  Conj           0%         2d6       100%        5
 Conjure Ball Lightning   Conj/Air       0%         3x3d6     100%        6
 Haunt                    Necr/Summ      0%         N/A       100%        7
 Orb of Destruction       Conj           0%         9d5       100%        7
 Infestation              Necr           0%         N/A       100%        8
 Dragon's Call            Summ           0%         N/A       100%        9
 Animate Dead             Necr           Unusable   N/A       N/A         4

Dungeon Overview and Level Annotations

Branches:
Dungeon (7/15)             Temple (1/1) D:7

Altars:
Dithmenos
Elyvilon
Fedhas
Gozag
Hepliaklqana
Kikubaaqudgha
Nemelex Xobeh
Okawaru
Qazlal
Sif Muna
Trog
Vehumet
Wu Jian
Xom
Zin
The Shining One


Innate Abilities, Weirdness & Mutations

You cannot wear most types of armour.
You are amphibious.
You can wear up to eight rings at the same time.
Your skin changes colour to match your surroundings (Stealth+).
Your rubbery body absorbs attacks. (AC +1, EV +1)
((You are camouflaged when in or above water. (Stealth+)))
You have tentacles for arms and can constrict up to eight enemies at once.


Message History

The scorpion completely misses you.
You barely miss the steam dragon. You squeeze the steam dragon!
The steam dragon is moderately wounded.
The scorpion stings you.
You are poisoned.
The scorpion poisons you! The steam dragon breathes steam at you.
The ball of steam hits you!!
You hit the steam dragon but do no damage.
The steam dragon is moderately wounded.
You are engulfed in a cloud of scalding steam.
You feel sick. The scorpion completely misses you.
The steam dragon breathes steam at you. The ball of steam hits you!
It was a potion of attraction.
You feel attractive to monsters.
You feel sick.
A hound comes into view.
The scorpion barely misses you. The steam dragon closely misses you.
The steam dragon claws you.
* * * LOW HITPOINT WARNING * * *
The hound is attracted toward you.
It was a potion of might.
You feel very mighty all of a sudden.
You feel sick.
The scorpion is engulfed in a cloud of scalding steam.
The scorpion stings you.
* * * LOW HITPOINT WARNING * * *
You are lethally poisoned!
The scorpion poisons you! The steam dragon misses you.
The steam dragon claws you.
* * * LOW HITPOINT WARNING * * *
The scorpion is engulfed in a cloud of scalding steam.
The scorpion stings you but does no damage.
The hound is attracted toward you.
It was a potion of haste.
You feel yourself speed up.
You are engulfed in a cloud of scalding steam.
* * * LOW HITPOINT WARNING * * *
You die...
Your body crumbles into a pile of gold.

#[##.# #.# #<##.# #.####
####.####....###########
.....................§..
####.#########..###.....
####.# ##'###....(
.....# #...$....§.
.##### #.......... .#
#.§@h§..... .#
#.Ds..>.... .#
#.§§§...... .#
#############....... .#
#........# .###### .#
#.######################
##
#.##.........^.........#
#
#...#...#...#...#...#.[#
#
#.#..................._#


You could see a steam dragon (catching breath), a scorpion and a hound.

Vanquished Creatures
  Eustachio (D:6)
  Menkaure (D:6)
  A water moccasin (D:7)
  Duvessa (D:6)
  A sky beast (D:7)
  An ogre (D:5)
  3 phantoms
  A kobold brigand (D:7)
  A scorpion (D:5)
  A water moccasin zombie (D:4)
  Dowan (D:6)
  A howler monkey (D:4)
  A centaur zombie (D:4)
  5 hounds
  Crazy Yiuf (D:2)
  2 centaur skeletons (D:4)
  A gnoll bouda (D:7)
  2 sleepcaps
  Ijyb (D:4)
  2 iguanas (D:5)
  5 orc wizards
  A hound skeleton (D:4)
  Robin (D:3)
  9 gnolls
  3 adders
  2 ufetubi
  An adder zombie (D:4)
  2 worms
  20 orcs
  2 ball pythons (D:1)
  5 endoplasms
  2 giant cockroaches (D:3)
  18 goblins
  7 hobgoblins
  5 jackals
  3 quokkas
  4 bats
  4 frilled lizards
  11 kobolds
  9 rats
143 creatures vanquished.

Notes
Turn   | Place    | Note
-------+----------+-------------------------------------------
     0 | D:1      | Ethylacetat the Octopode Gladiator began the quest for the
                  | Orb.
     0 | D:1      | Reached XP level 1. HP: 14/14 MP: 1/1
   190 | D:1      | Reached XP level 2. HP: 18/19 MP: 2/2
  1281 | D:2      | Reached XP level 3. HP: 23/25 MP: 3/3
  1359 | D:2      | Reached skill level 1 in Stealth
  1458 | D:2      | Found a runed translucent door.
  1459 | D:2      | Noticed Crazy Yiuf
  1696 | D:2      | Killed Crazy Yiuf
  1697 | D:2      | Reached skill level 1 in Short Blades
  1697 | D:2      | Reached skill level 1 in Shapeshifting
  1697 | D:2      | Reached XP level 4. HP: 9/30 MP: 4/4
  1858 | D:3      | Found an ancient bone altar of Kikubaaqudgha.
  1876 | D:3      | Reached skill level 2 in Stealth
  2186 | D:3      | Found a faded altar of an unknown god.
  2197 | D:3      | Found a stormy altar of Qazlal.
  2203 | D:3      | Noticed Robin
  2205 | D:3      | Reached XP level 5. HP: 36/36 MP: 5/5
  2285 | D:3      | Found a white marble altar of Elyvilon.
  2315 | D:3      | Killed Robin
  2841 | D:4      | Reached XP level 6. HP: 42/42 MP: 6/6
  2853 | D:4      | Reached skill level 3 in Stealth
  3059 | D:4      | Noticed Ijyb
  3072 | D:4      | Killed Ijyb
  3273 | D:4      | Reached XP level 7. HP: 20/47 MP: 7/7
  3492 | D:4      | Found an iron altar of Okawaru.
  3792 | D:4      | Reached skill level 4 in Stealth
  4162 | D:5      | Entered Level 5 of the Dungeon
  4286 | D:5      | Reached XP level 8. HP: 54/54 MP: 8/8
  4696 | D:6      | Reached skill level 5 in Dodging
  4696 | D:6      | Reached skill level 5 in Stealth
  4756 | D:6      | Identified the ring of Ichururphak {Ice Stlth+}
  4813 | D:6      | Found a blossoming altar of Fedhas.
  4822 | D:6      | Noticed Eustachio
  4838 | D:6      | Killed Eustachio
  5304 | D:6      | Noticed Menkaure
  5308 | D:6      | Killed Menkaure
  5421 | D:6      | Noticed Duvessa
  5422 | D:6      | Noticed Dowan
  5429 | D:6      | Killed Duvessa
  5435 | D:6      | Killed Dowan
  5436 | D:6      | Reached skill level 5 in Shapeshifting
  5564 | D:7      | Found a staircase to the Ecumenical Temple.
  5776 | D:7      | Reached skill level 5 in Fighting
  5776 | D:7      | Reached XP level 9. HP: 59/61 MP: 9/9
  5786 | D:7      | Reached skill level 6 in Stealth
  5828 | Temple   | Entered the Ecumenical Temple
  5841 | Temple   | Became a worshipper of Gozag Ym Sagoz the Greedy
  6080 | D:7      | Found a radiant altar of Vehumet.
  6208 | D:7      | HP: 2/61 [steam dragon] (9)]
  6208 | D:7      | Succumbed to a scorpion's poison

Illustrated notes

Levels and vault maps discovered:
D:1:      elethiomel_arrival_diamonds, layout_basic, corner_web_ring
D:2:      layout_rooms, minmay_misc_feat_hallway, solitary_fountain,
          hangedman_decor_clover_reticule, minmay_misc_feat_iff,
          minmay_split_cup_small, uniq_crazy_yiuf_cottage
D:3:      layout_loops_ring, nicolae_qazlal_general_emergency,
          mainiacjoe_overflow_alcove_4, old_standard_altar,
          basic_ecumenical_altar, uniq_robin
D:4:      kennysheep_goblin_castle, layout_gridville,
          mainiacjoe_overflow_cross_hatched, serial_undead, serial_undead_f,
          serial_undead_f, serial_undead_b, serial_undead_f, serial_undead_b,
          serial_undead_c
D:5:      layout_gridville, lemuel_flamethrower_2
D:6:      layout_loops_corners, mainiacjoe_overflow_six_doors_small,
          uniq_eustachio, uniq_menkaure, uniq_duvessa
D:7:      layout_basic, kennysheep_little_box, lemuel_coloured_pillars_altar,
          minmay_temple_entry_sparse_star
Temple:   nicolae_temple_ecumenical_triangle

Skill      XL: |  1  2  3  4  5  6  7  8  9 |
---------------+----------------------------+-----
Stealth        | 1 2 3 4 5 6 |  6.3
Short Blades   | 1 2 3 4 |  4.4
Shapeshifting  | 1 2 3 5 |  5.4
Fighting       | 3 4 5 |  5.2
Dodging        | 4 5 |  5.6
Throwing       | |  2.0
Unarmed Combat | |  3.1

Action                     |  1- 3 |  4- 6 |  7- 9 || total
---------------------------+-------+-------+-------++-------
  Melee: Unarmed           |     8 |       |       ||     8
         Short sword       |    38 |   133 |   148 ||   319
         Constrict         |    10 |    36 |    26 ||    72
         Tentacles         |     5 |    31 |    31 ||    67
         Punch             |     1 |     3 |     7 ||    11
  Evoke: Wand              |       |       |     1 ||     1
    Use: Potion            |       |       |     3 ||     3
   Stab: Sleeping          |     8 |     7 |    16 ||    31
 Armour: Skin              |     1 |     6 |     4 ||    11
  Dodge: Dodged            |    16 |    76 |   102 ||   194

Table legend: (Time is in decaauts)
 A = Elapsed time spent in this place.
 B = Non-inter-level travel time spent in this place.
 C = Inter-level travel time spent in this place.
 D = Time resting spent in this place.
 E = Time spent auto-exploring this place.
 F = Levels seen in this place.
 G = Mean time per level.
                   A        B        C        D        E       F      G
               +--------+--------+--------+--------+--------+-----+--------+
         Total |   6167 |   5986 |    181 |    238 |   4789 |   8 |  770.9 |
       Dungeon |   6141 |   5984 |    157 |    238 |   4789 |   7 |  877.3 |
        Temple |     26 |      2 |     24 |      0 |      0 |   1 |   26.0 |
               +--------+--------+--------+--------+--------+-----+--------+

Top non-repeatable levels by time:
     D:4: 1342 daAuts
     D:6: 1028 daAuts
     D:3: 980 daAuts
     D:1: 975 daAuts
     D:2: 843 daAuts
     D:7: 494 daAuts
     D:5: 476 daAuts
  Temple: 26 daAuts
